AoeStats
← bl4de

Four Lakes

507091917Analyzed
1v1 RM · 16d ago on Sep 16, 2026· 33m 10s· 2 players
Game mode
Random Map
Map size
Tiny (2 player)
Population
200
Speed
Normal
Resources
Standard
Victory
Conquest
Starting age
Dark Age
Ending age
Imperial Age
RankedLock teamsTeams togetherTeam positionsShared explorationLock speedFull tech treeHidden civsTurbo modeCheats
Victory
Defeat
🇪🇸 Chinese · Spain
1633
+13
🇩🇪 Japanese · Germany
1571
-13
bl4de
7:08 Loom
11:29 Feudal Age
12:33 Double-Bit Axe
16:08 Castle Age
14:18 Gold Mining
17:07 Bow Saw
17:06 Horse Collar
17:43 Fletching
18:07 Scale Barding Armor
20:15 Wheelbarrow
20:38 Fletching
25:11 Sanctity
25:59 Fervor
26:06 Town Watch
27:33 Bodkin Arrow
27:35 Stone Mining
32:36 Imperial Age
32:02 Hand Cart
33:05 Padded Archer Armor
33:43 Bracer
Rist!
0:28 Loom
9:55 Feudal Age
10:47 Double-Bit Axe
17:13 Castle Age
16:59 Padded Archer Armor
16:50 Fletching
18:23 Bow Saw
17:54 Horse Collar
18:34 Medium Warships
21:28 Heavy Plow
21:19 Gold Mining
21:20 Stone Mining
22:46 Bodkin Arrow
24:42 Wheelbarrow
26:10 Ballistics
26:52 Leather Archer Armor
27:00 Hand Cart
31:18 Imperial Age
30:16 Leather Archer Armor
30:08 Thumb Ring
31:11 Stone Shaft Mining
31:11 Gold Shaft Mining
30:58 Town Watch
32:15 Bracer
33:18 Chemistry
32:36 Heated Shot
33:19 Conscription
Connection lost

Rejoining the realm…

Still unreachable

The connection could not be restored.

Session expired

The server has moved on; the page needs a fresh start.